 Dungeon Crawl Stone Soup version 0.29.0-4-gdea44cf6ec (webtiles) character file.

Game seed: 3652289237365369567

93 qw the Chopper (level 4, -6/26 HPs)
             Began as a Tengu Warper on Aug 28, 2022.
             Mangled by an ogre
             ... wielding a +0 giant club
              (31 damage)
             ... on level 4 of the Dungeon.
             The game lasted 00:00:13 (2106 turns).

qw the Chopper (Tengu Warper)                       Turns: 2106, Time: 00:00:14

Health: -6/26      AC: 10    Str: 13    XL:     4   Next: 61%
Magic:  8/8        EV: 10    Int: 14    God:
Gold:   234        SH:  0    Dex: 19    Spells: 7/7 levels left

rFire   . . .      SeeInvis .   Y - +0 hand axe
rCold   . . .      Faith    .   (no shield)
rNeg    . . .      Spirit   .   k - +0 scale mail {rPois}
rPois   +          Reflect  .   (helmet restricted)
rElec   .          Harm     .   (no cloak)
rCorr   .          Rampage  .   (no gloves)
Will    .....                   (boots unavailable)
Stlth   ..........              (no amulet)
HPRegen 0.08/turn               p - +6 ring of dexterity
MPRegen 0.11/turn               h - +4 ring of protection

@: mighty, hasted, very quick
A: beak, talons 3
a: no special abilities


You were on level 4 of the Dungeon.
You visited 1 branch of the dungeon, and saw 4 of its levels.

You collected 234 gold pieces.


Innate Abilities, Weirdness & Mutations

You have a beak for a mouth.
You have claws for feet.


   Skills:
 - Level 2.0 Fighting
 + Level 5.1 Axes
 - Level 1.0 Throwing
 - Level 1.1 Armour
 - Level 2.1 Dodging
 - Level 2.0 Spellcasting
 - Level 2.4 Translocations


You had 7 spell levels left.
You didn't know any spells.
Your spell library contained the following spells:

 Spells                   Type           Power      Damage    Failure   Level
 Blink                    Tloc           16%        N/A       54%         2
 Gell's Gravitas          Tloc           8%         N/A       78%         3
 Lesser Beckoning         Tloc           8%         N/A       78%         3
 Teleport Other           Tloc           8%         N/A       78%         3
 Manifold Assault         Tloc           8%         N/A       100%        5

Inventory:

Hand Weapons
 l - a +0 mace
 Y - a +0 hand axe (weapon)
Armour
 k - a +0 scale mail of poison resistance (worn)
Jewellery
 h - a +4 ring of protection (right hand)
 p - a +6 ring of dexterity (left hand)
Scrolls
 c - a scroll of identify
Potions
 d - a potion of curing
 g - a potion of haste
 j - a potion of might
 m - a potion of ambrosia {unknown}
 o - a potion of brilliance {unknown}

Dungeon Overview and Level Annotations

Branches:
Dungeon (4/15)
 Temple: D:4-7

Altars:
Elyvilon

Shops:
D:1 (


Message History

You feel very mighty all of a sudden.
Done exploring.
2090 ||| READING 2 scrolls of identify.
As you read the scroll of identify, it crumbles to dust.
f - a potion of lignification;
2090 ||| IDENTIFYING gluggy blue potion Done exploring.
2091 ||| DROPPING potion of lignification.
You drop a potion of lignification.
Done exploring.
(D) Dungeon
Where to? (* - list waypoints, Enter - D:3, ? - help)
What level of the Dungeon? (default 1, ? - help)
There is an open door here.
There is a stone staircase leading down here.
You climb downwards.
Found a robe, a scroll labelled BUHAAW UJOBOL and 3 curare-tipped darts.
There is a stone staircase leading up here.
A dart slug is nearby!
Existing waypoints: (1) D:2 (2) D:3 Assign waypoint to what number? (0-9, D - delete waypoint) Waypoint 1 re-assigned from D:2 to D:4.
Enter note:
Found a ring mail and a scale mail.
An ogre comes into view. It is wielding a +0 giant club.
The ogre shouts!
A goblin comes into view. It is wielding a +0 club.
The goblin shouts!
The dart slug launches a dart at you. The slug dart hits you.
Found a whip.
The dart slug bites you.
You completely miss the dart slug. You claw the dart slug!
You kill the dart slug!
Found a ring mail.
The goblin unwields a +0 club.
The goblin wields a +0 sling.
The goblin shoots a sling bullet.
The sling bullet barely misses you.
The ogre hits you with a +0 giant club!!
Ouch! That really hurt!
You die...

. .... .#... ##.
.g.# .#.
######.######... [
#.....<........# ..
...####.....###.#...
............#......
.....[.......?.....
..[........@..[....
###.(......O......)
#................
#................
#................
.................
#..............
...............


You could see an ogre and a goblin.

Vanquished Creatures
  5 adders
  2 dart slugs
  2 ball pythons
  3 bats
  4 endoplasms
  5 giant cockroaches
  2 goblins (D:2)
  5 hobgoblins
  4 kobolds
  3 quokkas
  A frilled lizard (D:2)
  2 rats
38 creatures vanquished.

Notes
Turn   | Place    | Note
-------+----------+-------------------------------------------
     0 | D:1      | qw the Tengu Warper began the quest for the Orb.
     0 | D:1      | Reached XP level 1. HP: 12/12 MP: 4/4
     0 | D:1      | 0 ||| qw: Version: 0.1-a-89-g26bdef1
     0 | D:1      | 0 ||| qw: Game counter: 1883
     0 | D:1      | 0 ||| qw: Always use a shield: true
     0 | D:1      | 0 ||| qw: God list: Okawaru
     0 | D:1      | 0 ||| qw: Allow faded altars: false
     0 | D:1      | 0 ||| qw: Do Orc after D:15 true
     0 | D:1      | 0 ||| qw: Do second Lair branch before Depths: true
     0 | D:1      | 0 ||| qw: Lair rune preference: random
     0 | D:1      | 0 ||| qw: Plans: Normal
     0 | D:1      | 0 ||| PLANNING D:1-11
   154 | D:1      | Found Vauroco's Antique Weapon Boutique.
   166 | D:1      | 166 ||| SHOPLISTING club (23 gold, have 16).
   166 | D:1      | 166 ||| SHOPLISTING runed morningstar (161 gold, have 16).
   166 | D:1      | 166 ||| SHOPLISTING war axe (80 gold, have 16).
   198 | D:1      | Reached XP level 2. HP: 17/17 MP: 6/6
   451 | D:1      | 451 ||| Stepping ~*~*~tactically~*~*~ (stealth).
   459 | D:1      | Reached skill level 3 in Axes
   670 | D:1      | 670 ||| UPGRADING to ring of resist corrosion.
   671 | D:1      | 671 ||| UPGRADING to +4 ring of protection.
   672 | D:1      | 672 ||| DROPPING ring of magical power.
   673 | D:1      | 673 ||| READING scroll labelled YPSAKAITIOPH.
   674 | D:1      | 674 ||| READING scroll labelled SYHOIG FU UTEH.
   675 | D:1      | 675 ||| READING scroll labelled QILO RUODEOMPA.
   676 | D:1      | 676 ||| DROPPING scroll of blinking.
   805 | D:2      | Reached XP level 3. HP: 19/21 MP: 7/7
   921 | D:2      | 921 ||| Stepping ~*~*~tactically~*~*~ (stealth).
   984 | D:2      | 984 ||| Stepping ~*~*~tactically~*~*~ (stealth).
   985 | D:2      | 985 ||| Stepping ~*~*~tactically~*~*~ (stealth).
   992 | D:2      | 992 ||| Stepping ~*~*~tactically~*~*~ (stealth).
   993 | D:2      | 993 ||| Stepping ~*~*~tactically~*~*~ (stealth).
  1029 | D:2      | Reached skill level 4 in Axes
  1045 | D:2      | Found a faded altar of an unknown god.
  1144 | D:2      | 1144 ||| Stepping ~*~*~tactically~*~*~ (stealth).
  1423 | D:2      | 1423 ||| READING scroll labelled PIEKAT QUKYDD.
  1424 | D:2      | 1424 ||| READING 3 scrolls labelled SUGUUS BENEUNLU.
  1425 | D:2      | 1425 ||| DRINKING 2 inky potions.
  1426 | D:2      | 1426 ||| READING 2 scrolls of identify.
  1426 | D:2      | 1426 ||| IDENTIFYING cyan potion
  1427 | D:2      | 1427 ||| DROPPING potion of magic.
  1428 | D:2      | 1428 ||| DROPPING 2 scrolls of fear.
  1466 | D:3      | 1466 ||| Stepping ~*~*~tactically~*~*~ (hiding).
  1467 | D:3      | 1467 ||| Stepping ~*~*~tactically~*~*~ (hiding).
  1561 | D:3      | Reached XP level 4. HP: 23/26 MP: 8/8
  1739 | D:3      | Reached skill level 5 in Axes
  1988 | D:3      | Found a white marble altar of Elyvilon.
  2067 | D:3      | 2067 ||| UPGRADING to +0 scale mail of poison resistance.
  2077 | D:3      | 2077 ||| DROPPING +0 leather armour.
  2078 | D:3      | 2078 ||| DROPPING amulet of faith.
  2079 | D:3      | 2079 ||| UPGRADING to +6 ring of dexterity.
  2081 | D:3      | 2081 ||| DROPPING ring of resist corrosion.
  2082 | D:3      | 2082 ||| READING scroll labelled AMEAJEA QAIRCHA.
  2087 | D:3      | 2087 ||| READING scroll labelled LITIKA KOONUEMUEN.
  2088 | D:3      | 2088 ||| DRINKING 2 yellow potions.
  2089 | D:3      | 2089 ||| DRINKING 2 brown potions.
  2090 | D:3      | 2090 ||| READING 2 scrolls of identify.
  2090 | D:3      | 2090 ||| IDENTIFYING gluggy blue potion
  2091 | D:3      | 2091 ||| DROPPING potion of lignification.
  2100 | D:4      | Noticed an ogre
  2106 | D:4      | Mangled by an ogre

Levels and vault maps discovered:
D:1:      heliophobic_arrival_henge, layout_loops_ring, serial_shops,
          nicolae_square_shop, minmay_misc_feat_secret_circle,
          minmay_worlds_worst_comb
D:2:      layout_loops_ring, chequers_ecumenical_altar_simple_redux
D:3:      layout_basic, nicolae_elyvilon_peaceful_grove
D:4:      layout_rooms, tgw_fedhas

Skill      XL: |  1  2  3  4 |
---------------+-------------+-----
Axes           | 3 4 5 |  5.1
Fighting       | |  2.0
Throwing       | |  1.0
Armour         | |  1.1
Dodging        | |  2.1
Spellcasting   | |  2.0
Translocations | |  2.4

Action                   |  1- 3 |  4- 6 || total
-------------------------+-------+-------++-------
Melee: Hand axe          |    67 |    33 ||   100
       Peck              |     6 |     8 ||    14
       Kick              |    15 |     4 ||    19
Throw: Boomerang         |     7 |       ||     7
  Use: Scroll            |     6 |     3 ||     9
       Potion            |     1 |     2 ||     3
Armor: Leather armour    |    27 |    25 ||    52
Dodge: Dodged            |    33 |    17 ||    50

Table legend:
 A = Non-vault XP
 B = Vault XP
 C = Vault XP percentage of total XP
 D = Non-vault monster count
 E = Vault monster count
 F = Vault count percentage of total count
                 A         B        C        D         E       F
            +---------+---------+-------+---------+---------+-------
      Total |     127 |       6 |   4.5 |      35 |       3 |   7.9
            +---------+---------+-------+---------+---------+-------
        D:1 |      11 |       6 |  35.3 |       6 |       3 |  33.3
        D:2 |      54 |       0 |   0.0 |      16 |       0 |   0.0
        D:3 |      58 |       0 |   0.0 |      12 |       0 |   0.0
        D:4 |       4 |       0 |   0.0 |       1 |       0 |   0.0
            +---------+---------+-------+---------+---------+-------
